 Dungeon Crawl Stone Soup version 0.28-a0-643-g84cb2ea78e (webtiles) character file.

Game seed: 9306778969313946897

62 tilp the Conjurer (level 3, 14/14 HPs)
             Began as a Felid Hedge Wizard on Oct 10, 2021.
             Quit the game on level 4 of the Dungeon.
             The game lasted 00:08:09 (5170 turns).

tilp the Conjurer (Felid Hedge Wizard)              Turns: 5170, Time: 00:08:09

Health: 14/14      AC:  1    Str:  6    XL:     3   Next: 85%
Magic:  8/8        EV: 17    Int: 16    God:
Gold:   3          SH:  5    Dex: 15    Spells: 1/8 levels left
                                        Lives:  0   Deaths: 1

rFire   + . .      SeeInvis +     - Unarmed
rCold   . . .      Faith    .   (shield unavailable)
rNeg    . . .      Spirit   .   (armour unavailable)
rPois   .          Reflect  +   (helmet unavailable)
rElec   .          Harm     .   (cloak unavailable)
rCorr   .          Rampage  .   (gloves unavailable)
Will    .....                   (boots unavailable)
Stlth   ++........              a - amulet of reflection
HPRegen 0.04/turn               i - ring of protection from fire
MPRegen 0.11/turn               (no ring)

@: quick
A: very small, claws 1, fangs 3, see invisible, speed 1, shaggy fur 1, stealthy
paws, no weapons or thrown items, no armour, multi-lived
a: no special abilities


You were on level 4 of the Dungeon.
You visited 1 branch of the dungeon, and saw 4 of its levels.

You collected 63 gold pieces.
You spent 60 gold pieces at shops.

Inventory:

Jewellery
 a - an amulet of reflection (around neck)
 e - an amulet of faith
 i - a ring of protection from fire (left paw)
Wands
 h - a wand of flame (8)
Scrolls
 b - a scroll of teleportation
Potions
 d - a potion of brilliance
 f - a potion of resistance {unknown}
 g - 2 potions of flight
 j - a potion of heal wounds {unknown}


   Skills:
 - Level 2.6 Dodging
 - Level 2.6 Stealth
 + Level 1.5 Unarmed Combat
 - Level 3.0 Spellcasting
 - Level 4.0 Conjurations
 - Level 1.0 Summonings
 - Level 1.5 Translocations


You had one spell level left.
You knew the following spells:

 Your Spells              Type           Power      Damage    Failure   Level
a - Magic Dart            Conj           60%        1d6       3%          1
b - Call Imp              Summ           5%         N/A       19%         2
c - Blink                 Tloc           N/A        N/A       16%         2
d - Slow                  Hex            2%         N/A       28%         2

Your spell library contained the following spells:

 Spells                   Type           Power      Damage    Failure   Level
 Conjure Flame            Conj/Fire      8%         6-21      24%         3
 Ensorcelled Hibernation  Hex/Ice        4%         N/A       28%         2
 Mephitic Cloud           Conj/Pois/Air  6%         N/A       32%         3
 Ozocubu's Armour         Ice            2%         N/A       50%         3
 Spider Form              Tmut/Pois      1%         N/A       50%         3
 Tukima's Dance           Hex            2%         N/A       50%         3
 Freezing Cloud           Conj/Ice/Air   3%         6-21      97%         5
 Metabolic Englaciation   Hex/Ice        1%         N/A       99%         5
 Simulacrum               Ice/Necr       1%         N/A       100%        6
 Polar Vortex             Ice            1%         N/A       100%        9


Dungeon Overview and Level Annotations

Branches:
Dungeon (4/15)
 Temple: D:4-7

Altars:
Hepliaklqana
Okawaru
Zin

Shops:
D:4 ?

Portals:
Sewer: D:4

Annotations:
D:4 Dowan, Duvessa, Menkaure


Innate Abilities, Weirdness & Mutations

You have sharp claws.
You have razor-sharp teeth.
You have supernaturally acute eyesight. (SInv)
You cover ground quickly. (Speed+)
You are covered in fur. (AC +1)
Your paws help you pounce on unaware monsters.
You are incapable of wielding weapons or throwing items.
You cannot wear armour.
You gain extra lives every three experience levels.


Message History

The rat bites you.
* * * LOW HITPOINT WARNING * * *
You completely miss the rat.
The rat is moderately wounded.
The rat closely misses you.
Unknown command.
You scratch the rat.
You kill the rat!
You closely miss the rat. The rat barely misses you.
You scratch the rat but do no damage. The rat closely misses you.
You scratch the rat.
You kill the rat!
Casting: Magic Dart (safe; 3% risk of failure)
Confirm with . or Enter, or press ? or * to list all spells.
A beastly little devil appears in a puff of flame.
The rat barely misses your crimson imp.
The rat twitches its whiskers.
The river rat misses you.
You scratch the river rat but do no damage.
You bite the river rat, but do no damage.
The rat misses your crimson imp. The river rat bites you.
* * * LOW HITPOINT WARNING * * *
Your crimson imp hits the river rat but does no damage.
Casting: Call Imp (safe; 19% risk of failure)
Confirm with . or Enter, or press ? or * to list all spells.
Aiming: Magic Dart (safe; 3% risk of failure)
Press: ? - help, Shift-Dir - straight line, f - river rat
Aim: a river rat (ally target, 100% to hit)
The magic dart hits the river rat but does no damage.
The rat closely misses your crimson imp.
The river rat bites you.
You die...
Your crimson imp blinks!
You are now level 3!
You rejoin the land of the living...
Unknown command.
Unknown command.
Unknown command.
Unknown command.
Are you sure you want to abandon this character and quit the game? (Confirm with "yes".)

####.......#.##......#
#.......##.#.##.##.#.#
#.##.##.........##.#.#
###.##.#####.#.#.......##
..M..........#.#.###....##
.#..#.)....###...........#
.#..#.#.##.......##......#
†#.......#.......##^.....#
...#............@##.#l..##
†###..##...............##
................###.####
####.....[.###### #....#
.....# ####.# .### #l# #
#####.# ...#.# ####.#.#


There were no monsters in sight!

Vanquished Creatures
  3 adders
  An adder skeleton (D:4)
  3 worms
  3 dart slugs
  4 orcs (D:3)
  6 ball pythons
  7 endoplasms
  A giant cockroach (D:4)
  10 goblins
  6 hobgoblins
  7 jackals
  2 quokkas (D:2)
  5 bats
  6 frilled lizards
  A kobold (D:1)
  9 rats
74 creatures vanquished.

Vanquished Creatures (collateral kills)
  An orc (D:4)
  A jackal (D:2)
2 creatures vanquished.

Grand Total: 76 creatures vanquished

Notes
Turn   | Place    | Note
-------+----------+-------------------------------------------
     0 | D:1      | tilp the Felid Hedge Wizard began the quest for the Orb.
     0 | D:1      | Reached XP level 1. HP: 7/7 MP: 5/5
     8 | D:1      | Reached skill level 1 in Conjurations
   348 | D:1      | Reached XP level 2. HP: 11/11 MP: 4/7
   402 | D:1      | Reached skill level 2 in Conjurations
  1588 | D:2      | Reached XP level 3. HP: 14/14 MP: 0/8
  1591 | D:2      | Learned a level 2 spell: Call Imp
  1594 | D:2      | Learned a level 2 spell: Blink
  1597 | D:2      | Learned a level 2 spell: Slow
  1721 | D:2      | Reached skill level 3 in Conjurations
  2288 | D:2      | Found a faded altar of an unknown god.
  2758 | D:2      | Found a hazy altar of Hepliaklqana.
  2796 | D:2      | Reached XP level 4. HP: 18/18 MP: 3/9
  3339 | D:3      | Found an iron altar of Okawaru.
  4179 | D:3      | Reached skill level 4 in Conjurations
  4629 | D:4      | Found Mecyeteng's Magic Scroll Boutique.
  4638 | D:4      | Bought a scroll of identify for 20 gold pieces
  4638 | D:4      | Bought a scroll of identify for 20 gold pieces
  4638 | D:4      | Bought a scroll of identify for 20 gold pieces
  4651 | D:4      | Noticed Duvessa
  4805 | D:4      | Found a glowing silver altar of Zin.
  4818 | D:4      | Noticed a phantom
  4890 | D:4      | Noticed Dowan
  4922 | D:4      | Noticed a black bear
  4938 | D:4      | Reached skill level 1 in Unarmed Combat
  5049 | D:4      | Noticed Menkaure
  5144 | D:4      | Found a glowing drain.
  5169 | D:4      | Slain by a river rat
  5170 | D:4      | Reached XP level 3. HP: -4/14 MP: 3/8
  5170 | D:4      | Quit the game

Illustrated notes

Levels and vault maps discovered:
D:1:      minmay_arrival_open_corners, layout_loops_ring, grunt_decor_arrowhead
D:2:      layout_basic, basic_altar, ebering_ecumenical_altar_hall
D:3:      layout_loops_ring, mainiacjoe_overflow_six_doors_small,
          minmay_misc_feat_tiny, minmay_tree_intersection
D:4:      layout_loops_cross, mainiacjoe_overflow_paths, portal_sewer_entry_e,
          serial_shops, nicolae_stop_n_shop_1, uniq_menkaure, uniq_duvessa

Skill      XL: |  1  2  3  4 |
---------------+-------------+-----
Conjurations   | 1 2 3 4 |  4.0
Unarmed Combat | 1 |  1.5
Dodging        | |  2.6
Stealth        | |  2.6
Spellcasting   | |  3.0
Summonings     | |  1.0
Translocations | |  1.5

Action                   |  1- 3 |  4- 6 || total
-------------------------+-------+-------++-------
Melee: Unarmed           |    22 |    22 ||    44
       Bite              |     1 |     1 ||     2
 Cast: Magic Dart        |   115 |   106 ||   221
       Call Imp          |     2 |     3 ||     5
  Use: Scroll            |     1 |     9 ||    10
       Potion            |       |     1 ||     1
 Stab: Sleeping          |       |     1 ||     1
Armor: Skin              |     6 |     5 ||    11
Dodge: Dodged            |    32 |    43 ||    75
Block: Other             |    15 |    20 ||    35

Table legend: (Time is in decaauts)
 A = Elapsed time spent in this place.
 B = Non-inter-level travel time spent in this place.
 C = Inter-level travel time spent in this place.
 D = Time resting spent in this place.
 E = Time spent auto-exploring this place.
 F = Levels seen in this place.
 G = Mean time per level.
                   A        B        C        D        E       F      G
               +--------+--------+--------+--------+--------+-----+--------+
         Total |   4625 |   4360 |    265 |    822 |   2714 |   4 | 1156.2 |
       Dungeon |   4625 |   4360 |    265 |    822 |   2714 |   4 | 1156.2 |
               +--------+--------+--------+--------+--------+-----+--------+

Top non-repeatable levels by time:
     D:2: 1495 daAuts
     D:3: 1390 daAuts
     D:1: 1384 daAuts
     D:4: 355 daAuts
